 Dungeon Crawl Stone Soup version 0.17.1-1-g73c8601 (webtiles) character file.

82 Andry07 the Shield-Bearer (level 4, -2/24 HPs)
             Began as a Vine Stalker Fighter on Dec 31, 2015.
             Slain by a sky beast (5 damage)
             ... on level 3 of the Dungeon.
             The game lasted 00:02:40 (1859 turns).

Andry07 the Shield-Bearer (Vine Stalker Fighter)    Turns: 1859, Time: 00:02:40

Health: -2/24      AC:  7    Str: 19    XL:     4   Next: 43%
Magic:  0/5        EV:  7    Int:  8    God:
Gold:   149        SH:  9    Dex: 14    Spells: 0 memorised, 3 levels left

rFire  . . .     SeeInvis .     a - +0 long sword
rCold  . . .     Clarity  .     b - +0 scale mail
rNeg   . . .     SustAt   .     c - +0 shield
rPois  .         Gourm    .     l - +0 helmet
rElec  .         Spirit   +     (no cloak)
rCorr  .         Warding  .     (no gloves)
rMut   .         Stasis   .     (no boots)
MR     .....                    (no amulet)
Stlth  ..........               (no ring)
                                (no ring)

@: drained, not resistant to hostile enchantments, extremely unstealthy
A: fangs 2, regeneration 1, magic shield, antimagic bite, no device heal 3, rot
immunity
a: no special abilities


You were on level 3 of the Dungeon.
You were hungry.

You visited 1 branch of the dungeon, and saw 4 of its levels.

You collected 149 gold pieces.

Inventory:

Hand Weapons
 a - a +0 long sword (weapon)
Missiles
 x - 2 javelins (quivered)
Armour
 b - a +0 scale mail (worn)
 c - a +0 shield (worn)
 l - a +0 helmet (worn)
Scrolls
 g - a scroll of fog {unknown}
 j - a scroll of noise {unknown}
 n - a scroll of magic mapping {unknown}
 o - 2 scrolls of identify {unknown}
 p - a scroll of teleportation {unknown}
 s - 3 scrolls of random uselessness {unknown}
 t - 3 scrolls of enchant weapon {unknown}
 u - a scroll of enchant armour {unknown}
 w - 6 scrolls of remove curse {unknown}
Potions
 d - 2 potions of might
 i - 5 potions of brilliance {unknown}
 k - a potion of magic {unknown}
 q - 3 potions of curing {unknown}
 v - 2 potions of resistance {unknown}
Comestibles
 e - a bread ration
 f - 2 slices of pizza
 h - a beef jerky
 m - a fruit
 r - 2 meat rations


   Skills:
 + Level 3.1(2.0) Fighting
 + Level 2.9(1.8) Long Blades
 - Level 2.4(1.3) Armour
 + Level 3.6(2.5) Shields


You had 3 spell levels left.
You didn't know any spells.

Dungeon Overview and Level Annotations

Branches:
Dungeon (4/15)
 Temple: D:4-7

Altars:
Ashenzari


Innate Abilities, Weirdness & Mutations

You have extremely sharp teeth.
Your natural rate of healing is unusually fast.
When hurt, damage is shared between your health and your magic reserves.
Your bite disrupts and absorbs the magic of your enemies.
Potions and wands cannot restore your health.
You are immune to rotting.


Message History

You slash something! You bite something. You drain its power.
Something hits you but does no damage.
You hit something but do no damage.
You feel sick. You block its attack. Something hits you but does no damage.
You closely miss something. Something completely misses you.
You closely miss something. Something hits you but does no damage.
Something completely misses you.
You closely miss something. Your bite misses something.
You feel sick.
You are no longer poisoned.
Something hits you but does no damage.
You closely miss something. You bite something. You drain its power.
Something hits you but does no damage.
You closely miss something. You bite something. You drain its power.
You block its attack. Something hits you. Something shocks you.
* * * LOW HITPOINT WARNING * * *
You barely miss something. You bite something. You drain its power.
You feel invigorated. Something hits you.
* * * LOW HITPOINT WARNING * * *
Something shocks you.
You die...

#..# #..# ###..# #....#
#.#..# #[#..# ##.#..#
###################.....#
................@{>...<.#
##############.#####.#..#
# #..................# #
#.#######..........### #
#.# #............# #
####.#######..####.######
# #.............## #.# #
#.##.##........# #.# #
#.##.##..###..## #.#


There were no monsters in sight!

Vanquished Creatures
  An adder (D:3)
  An ooze (D:1)
  5 worms (D:2)
  An orc (D:3)
  7 bats
  3 giant cockroaches
  3 hobgoblins
  4 jackals (D:3)
  2 quokkas (D:3)
  4 giant newts
  10 goblins
  6 kobolds
  6 rats
53 creatures vanquished.

Notes
Turn   | Place    | Note
--------------------------------------------------------------
     0 | D:1      | Andry07 the Vine Stalker Fighter began the quest for the Orb.
     0 | D:1      | Reached XP level 1. HP: 11/11 MP: 2/2
    18 | D:1      | Found a shattered altar of Ashenzari.
    41 | D:1      | Reached XP level 2. HP: 11/16 MP: 3/3
   141 | D:1      | Reached skill level 3 in Shields
   404 | D:2      | Reached XP level 3. HP: 13/19 MP: 2/4
  1447 | D:3      | Reached XP level 4. HP: 24/24 MP: 5/5
  1835 | D:4      | Noticed a sky beast
  1859 | D:3      | Slain by a sky beast

Action                   |  1- 3 |  4- 6 || total
-------------------------+-------+-------++-------
Melee: Long sword        |   133 |    58 ||   191
  Eat: Chunk             |       |     2 ||     2
       Fruit             |       |     1 ||     1
